[Event "AUT Bundesliga 2021-22"]
[Site "Graz"]
[Date "2021.11.04"]
[Round "1.24"]
[White "de Francesco, Klaus"]
[Black "Freitag, Manfred"]
[Result "1/2-1/2"]
[ECO "A45"]
[WhiteElo "2178"]
[BlackElo "2364"]
[Annotator "NA"]
[PlyCount "93"]
[EventDate "2021.01.17"]
[EventType "team-tourn"]
[EventCountry "AUT"]
[SourceTitle "playchess.com"]
[Source "ChessBase"]
[SourceQuality "1"]
[TimeControl "40/5400+30:1800+30"]

1. d4 Nf6 2. Bg5 d5 3. e3 c5 4. Bxf6 gxf6 5. Nc3 e6 6. Qh5 cxd4 7. exd4 Nc6 8. Nf3 Bb4 9. Bb5 Bd7 10. O-O Bxc3 11. bxc3 Na5 12. Bd3 Qe7 13. Rfe1 O-O-O 14. Qxd5 exd5 15. Rxe7 Be6 16. Rb1 Kb8 17. Ba6 Rhe8 18. Rxe8 Rxe8 19. Bd3 h6 20. Nh4 Rc8 21. f4 Rxc3 22. f5 Bd7 23. g4 Ba4 24. Re1 Nc6 25. Re8+ Kc7 26. Rf8 Nd8 27. Rh8 Bxc2 28. Bxc2 Rxc2 29. Rxh6 Rxa2 30. Rxf6 Re2 31. g5 a5 32. g6 fxg6 33. fxg6 Ne6 34. g7 Nxg7 35. Rf7+ Kc6 36. Rxg7 a4 37. Rg3 Kb5 38. Nf5 Ka5 39. Ne3 b5 40. Nxd5 Re6 41. Nc3 Rd6 42. Rg5 Rb6 43. Kf2 a3 44. Ke3 Ka6 45. Kd3 Rh6 46. Rxb5 a2 47. Ke4 1/2-1/2

[Event "AUT Bundesliga 2021-22"]
[Site "Graz"]
[Date "2022.03.24"]
[Round "5.3"]
[White "Schwabeneder, Florian"]
[Black "Atlas, Valery"]
[Result "0-1"]
[ECO "A15"]
[WhiteElo "2437"]
[BlackElo "2423"]
[Annotator "NA"]
[PlyCount "64"]
[EventDate "2021.11.04"]
[EventType "team-tourn"]
[EventCountry "AUT"]
[SourceTitle "playchess.com"]
[Source "ChessBase"]
[SourceQuality "1"]
[TimeControl "40/5400+30:1800+30"]

1. c4 Nf6 2. g3 c5 3. Bg2 Nc6 4. Nc3 g6 5. Nf3 e5 6. O-O Bg7 7. d3 O-O 8. a3 d6 9. Rb1 a5 10. Bg5 h6 11. Bxf6 Bxf6 12. Nd5 Bg7 13. b4 axb4 $14 14. axb4 cxb4 15. Nxb4 Ne7 16. Nd2 f5 17. Nd5 Ra7 18. Nxe7+ Qxe7 19. Rb5 h5 20. e3 Kh8 21. Qb3 f4 22. Rb1 fxe3 23. fxe3 Bh6 24. Nf1 Qf6 25. Qc2 h4 26. Qe2 h3 27. Be4 Bg4 28. Qd2 b6 29. Bd5 Bf3 30. Rxb6 Bxd5 31. cxd5 Raf7 32. Qe2 Qxf1+ 0-1

[Event "AUT Bundesliga 2021-22"]
[Site "Graz"]
[Date "2022.03.24"]
[Round "5.4"]
[White "Baenziger, Fabian"]
[Black "Leisch, Lukas"]
[Result "1/2-1/2"]
[ECO "D11"]
[WhiteElo "2418"]
[BlackElo "2403"]
[Annotator "NA"]
[PlyCount "60"]
[EventDate "2021.11.04"]
[EventType "team-tourn"]
[EventCountry "AUT"]
[SourceTitle "playchess.com"]
[Source "ChessBase"]
[SourceQuality "1"]
[TimeControl "40/5400+30:1800+30"]

1. d4 d5 2. c4 c6 3. Nf3 Nf6 4. e3 e6 $11 5. Bd3 dxc4 6. Bxc4 b5 7. Be2 a6 8. O-O Nbd7 9. a4 Bb7 10. Nbd2 Bd6 11. Ng5 O-O 12. Bf3 Qc7 13. h3 c5 14. Bxb7 Qxb7 15. axb5 axb5 16. Rxa8 Rxa8 17. Nge4 Nxe4 18. Nxe4 Qxe4 19. dxc5 Bh2+ 20. Kxh2 Nxc5 21. Qd6 Qd3 22. Rd1 Qxd6+ 23. Rxd6 Kf8 24. Bd2 Ne4 25. Rd4 Nxd2 26. Rxd2 Ke7 27. Kg3 Rc8 28. Kf3 Rc1 29. Ke2 Rg1 30. Kf3 Rc1 1/2-1/2

[Event "AUT Bundesliga 2021-22"]
[Site "Graz"]
[Date "2022.03.24"]
[Round "5.5"]
[White "Singer, Christoph"]
[Black "Fecker, Noah"]
[Result "1/2-1/2"]
[ECO "A04"]
[WhiteElo "2345"]
[BlackElo "2328"]
[Annotator "NA"]
[PlyCount "82"]
[EventDate "2021.11.04"]
[EventType "team-tourn"]
[EventCountry "AUT"]
[SourceTitle "playchess.com"]
[Source "ChessBase"]
[SourceQuality "1"]
[TimeControl "40/5400+30:1800+30"]

1. Nf3 c5 2. e3 Nc6 3. d4 cxd4 4. exd4 d5 5. c3 Nf6 6. Bf4 g6 7. Bd3 Bg7 8. O-O O-O 9. Nbd2 Bf5 10. Bxf5 gxf5 11. Ne5 e6 12. Nd3 Ne4 13. f3 Nxd2 14. Qxd2 Ne7 15. Bh6 Ng6 16. Kh1 Bxh6 17. Qxh6 Qh4 18. Qxh4 Nxh4 19. a4 Rfe8 20. a5 Re7 21. Ra4 Kf8 22. Rb4 Rc8 23. Ra1 Ke8 24. Kg1 Kd8 25. Kf2 Rcc7 26. Ra3 Kc8 27. Rab3 Ng6 28. g3 f6 29. Rb5 Rg7 30. Nc5 Rge7 31. Nd3 Rg7 32. Nc5 Rge7 33. a6 b6 34. Nd3 Kd7 35. Ra3 Kd6 36. Nb4 h5 37. Ra1 h4 38. Nd3 Rh7 39. Ke3 hxg3 40. hxg3 Kc6 41. Rb4 Kd6 1/2-1/2

[Event "AUT Bundesliga 2021-22"]
[Site "Graz"]
[Date "2022.03.24"]
[Round "5.6"]
[White "Novkovic, Milan"]
[Black "Webersberger, Johann"]
[Result "1/2-1/2"]
[ECO "A40"]
[WhiteElo "2360"]
[BlackElo "2321"]
[Annotator "NA"]
[PlyCount "60"]
[EventDate "2021.11.04"]
[EventType "team-tourn"]
[EventCountry "AUT"]
[SourceTitle "playchess.com"]
[Source "ChessBase"]
[SourceQuality "1"]
[TimeControl "40/5400+30:1800+30"]

1. d4 g6 2. c4 d6 3. e4 e5 4. Nf3 exd4 5. Nxd4 Bg7 6. Nc3 Nc6 7. Be3 Nge7 8. Qd2 O-O 9. Be2 f5 10. exf5 Bxd4 11. Bxd4 Nxf5 12. Be3 Nxe3 13. Qxe3 Qf6 $14 14. O-O Bf5 15. Qd2 Nd4 16. Rad1 c5 17. Nb5 Nxb5 18. cxb5 Rad8 19. Bf3 b6 20. Rfe1 Kg7 21. Bd5 Rfe8 22. h3 Be6 23. b3 Bxd5 24. Qxd5 Qf7 25. Rxe8 Qxe8 26. Qc4 d5 27. Rxd5 Qe1+ 28. Kh2 Rxd5 29. Qxd5 Qxf2 30. Qd7+ Kh6 1/2-1/2

[Event "AUT Bundesliga 2021-22"]
[Site "Graz"]
[Date "2022.03.24"]
[Round "5.10"]
[White "Diermair, Andreas"]
[Black "Gschnitzer, Adrian"]
[Result "1/2-1/2"]
[ECO "D45"]
[WhiteElo "2469"]
[BlackElo "2414"]
[Annotator "ChessBase"]
[PlyCount "77"]
[EventDate "2021.11.04"]
[EventType "team-tourn"]
[EventCountry "AUT"]
[SourceTitle "playchess.com"]
[Source "ChessBase"]
[SourceQuality "1"]
[TimeControl "40/5400+30:1800+30"]

1. d4 d5 2. c4 e6 3. Nc3 c6 4. e3 Nf6 5. Nf3 Nbd7 6. Qc2 Bd6 7. Bd3 dxc4 8. Bxc4 b5 9. Be2 O-O 10. O-O Bb7 11. e4 e5 12. dxe5 Nxe5 13. Nh4 b4 14. Nf5 bxc3 15. Rd1 Nd5 16. exd5 cxd5 17. Qxc3 Re8 18. Be3 Bf8 19. Qb3 Qb8 20. Nd4 Nc4 21. Bxc4 dxc4 22. Qxc4 Qe5 23. Qb5 Qe4 24. Nf3 a6 25. Qd3 Qg4 26. h3 Qh5 27. Ng5 Be7 28. Qd7 Bxg5 29. Qxb7 Bxe3 30. fxe3 Qg5 31. Qf3 Qxe3+ 32. Qxe3 Rxe3 33. Kf2 Re6 34. Rac1 g6 35. Rc3 Ra7 36. Re1 Rf6+ 37. Rf3 Rb6 38. Re2 h5 39. Rf4 1/2-1/2

[Event "AUT Bundesliga 2021-22"]
[Site "Graz"]
[Date "2022.03.24"]
[Round "5.12"]
[White "Janzelj, Tim"]
[Black "Poetz, Florian"]
[Result "1-0"]
[ECO "A65"]
[WhiteElo "2463"]
[BlackElo "2424"]
[Annotator "ChessBase"]
[PlyCount "101"]
[EventDate "2021.11.04"]
[EventType "team-tourn"]
[EventCountry "AUT"]
[SourceTitle "playchess.com"]
[Source "ChessBase"]
[SourceQuality "1"]
[TimeControl "40/5400+30:1800+30"]

1. d4 Nf6 2. c4 c5 3. d5 e6 4. Nc3 exd5 5. cxd5 d6 6. e4 g6 7. h3 Bg7 8. Nf3 O-O 9. Bd3 a6 10. a4 Nh5 11. O-O Nd7 12. Bg5 Bf6 13. Bh6 Bg7 14. Bg5 Bf6 15. Be3 Re8 16. Nd2 Bd4 17. Re1 Ne5 18. Bf1 Bxe3 19. Rxe3 Nf4 20. Rb1 g5 21. Nf3 Neg6 22. Nh2 Ne5 23. g3 Nfg6 24. Qh5 f5 25. exf5 Bxf5 26. Rbe1 Rf8 27. Ng4 Bxg4 28. hxg4 Kg7 29. Bg2 h6 30. Be4 Qe8 31. Rf1 Ne7 32. Qh3 Qd7 33. f3 Rf7 34. Re2 Raf8 35. Ref2 b5 36. axb5 axb5 37. Nd1 c4 38. Kg2 Qa7 39. Re2 b4 40. Ne3 Qc5 41. f4 gxf4 42. gxf4 Nd3 43. Nf5+ Nxf5 44. gxf5 Rf6 45. Kh2 Qd4 46. Rg1+ Kh8 47. Qg4 R6f7 48. Bxd3 cxd3 49. Re6 Rh7 50. Rg6 Qxd5 51. Rg7 1-0

[Event "AUT Bundesliga 2021-22"]
[Site "Graz"]
[Date "2022.03.24"]
[Round "5.20"]
[White "Rubil, Marko"]
[Black "Blohberger, Felix"]
[Result "1-0"]
[ECO "B00"]
[WhiteElo "2293"]
[BlackElo "2503"]
[Annotator "ChessBase"]
[PlyCount "157"]
[EventDate "2021.11.04"]
[EventType "team-tourn"]
[EventCountry "AUT"]
[SourceTitle "playchess.com"]
[Source "ChessBase"]
[SourceQuality "1"]
[TimeControl "40/5400+30:1800+30"]

1. e4 Nc6 2. d4 d5 3. e5 Bf5 4. c3 e6 5. f4 Nge7 6. Nf3 Ng6 7. Bd3 Nh4 8. O-O Bxd3 9. Qxd3 Nxf3+ 10. Rxf3 Qd7 11. b3 O-O-O 12. Nd2 f6 13. a4 Ne7 14. Nf1 Nf5 15. Ne3 Nh4 16. Rh3 Ng6 17. Nc2 Be7 18. b4 Rdf8 19. b5 Kb8 20. Be3 fxe5 21. fxe5 Nh4 22. Nb4 Nf5 23. Rb1 Bxb4 24. Rxb4 Qf7 25. Rb1 Qg6 26. Bc1 h5 27. Ba3 Rf7 28. a5 b6 29. Rc1 Qg4 30. Rf1 g5 31. Rhf3 Nh4 32. Rg3 Rxf1+ 33. Qxf1 Qe4 34. a6 Nf5 35. Rd3 g4 36. Bc1 Rg8 37. Rd1 h4 38. Qd3 Qxd3 39. Rxd3 c6 40. bxc6 Kc7 41. Rd2 Kxc6 42. Rb2 b5 43. Kf2 Kb6 44. Ra2 Rc8 45. Ba3 g3+ 46. hxg3 hxg3+ 47. Ke2 Rc4 48. Bc5+ Kc6 49. Bxa7 Ra4 50. Rxa4 bxa4 51. Bc5 Nh4 52. c4 Nxg2 53. cxd5+ exd5 54. Kf3 Nf4 55. Kxg3 Ne6 56. Kg4 a3 57. a7 Kb7 58. Bxa3 Nxd4 59. Bc5 Ne6 60. Bb6 d4 61. Kf3 d3 62. Be3 Nd8 63. Kf2 Ne6 64. Ke1 Nf8 65. Kd2 Ne6 66. Kxd3 Nc7 67. Ke4 Ne6 68. Kd5 Ng7 69. Bb6 Nh5 70. Kd6 Ng7 71. Kd7 Ka8 72. Ke7 Nh5 73. Be3 Ng7 74. Kf7 Nf5 75. Bc5 Nh6+ 76. Kg6 Ng4 77. e6 Ne5+ 78. Kf5 Nc6 79. Ke4 1-0

[Event "AUT Bundesliga 2021-22"]
[Site "Graz"]
[Date "2022.03.24"]
[Round "5.21"]
[White "Froewis, Georg"]
[Black "Vitouch, Anatol"]
[Result "1/2-1/2"]
[ECO "A21"]
[WhiteElo "2449"]
[BlackElo "2245"]
[Annotator "NA"]
[PlyCount "61"]
[EventDate "2021.11.04"]
[EventType "team-tourn"]
[EventCountry "AUT"]
[SourceTitle "playchess.com"]
[Source "ChessBase"]
[SourceQuality "1"]
[TimeControl "40/5400+30:1800+30"]

1. c4 e5 2. Nc3 d6 3. d4 exd4 4. Qxd4 Nc6 5. Qd2 g6 6. b3 Bg7 7. Bb2 Nf6 8. g3 O-O 9. Bg2 Re8 10. Nh3 {[%emt 0:06:20] 10.Nf3 is more advanced technology.} Bxh3 11. Bxh3 Ne4 12. Nxe4 Rxe4 13. Bg2 Bxb2 14. Qxb2 Re5 15. O-O Qe7 16. e3 a5 17. Rad1 Rb8 {[%emt 0:01:17] [#]} 18. Qc3 $146 ({Predecessor:} 18. Rd2 Nb4 19. Rfd1 b5 20. Qc3 bxc4 21. Qxc4 Rc5 22. Qe2 Rb6 23. a3 Na6 24. Bd5 {½-½ (56) Robatsch,K (2430)-Dzindzichashvili,R (2550) Amsterdam 1978}) 18... Nd8 19. Rd5 $14 b6 20. Rfd1 f6 21. c5 bxc5 22. Qxa5 Kg7 23. Qa7 Rb6 24. R5d2 Nf7 25. Bd5 Ng5 26. Qa8 Ne4 27. Rd3 Qe8 28. f3 Ng5 29. Qxe8 Rxe8 30. h4 Nf7 31. f4 1/2-1/2

[Event "AUT Bundesliga 2021-22"]
[Site "Graz"]
[Date "2022.03.24"]
[Round "5.22"]
[White "Lovrinovic, Christian"]
[Black "Peyrer, Konstantin"]
[Result "0-1"]
[ECO "D85"]
[WhiteElo "2117"]
[BlackElo "2301"]
[Annotator "NA"]
[PlyCount "96"]
[EventDate "2021.11.04"]
[EventType "team-tourn"]
[EventCountry "AUT"]
[SourceTitle "playchess.com"]
[Source "ChessBase"]
[SourceQuality "1"]
[TimeControl "40/5400+30:1800+30"]

1. d4 Nf6 2. c4 g6 3. Nc3 d5 4. cxd5 Nxd5 5. e4 Nxc3 6. bxc3 Bg7 7. Nf3 c5 8. Rb1 O-O $11 9. Be2 Nc6 10. d5 Ne5 11. Nxe5 Bxe5 12. Qd2 e6 13. f4 Bc7 14. O-O exd5 15. exd5 Ba5 16. Kh1 Qf6 17. Rb3 b6 18. Bb2 Re8 19. Qd1 Bd7 20. c4 Qh4 21. Rg3 Re4 22. Be5 Re8 23. Bd3 R8xe5 24. fxe5 Rxe5 25. Qf3 f5 26. Qf4 Qxf4 27. Rxf4 Be1 28. Rgf3 Bd2 29. Rh4 Bg5 30. Rhh3 f4 31. Kg1 Bxh3 32. Rxh3 Re1+ 33. Kf2 Ra1 34. Kf3 Rxa2 35. d6 Rd2 36. Ke4 Kg7 37. Kd5 Rxg2 38. Kc6 Rb2 39. Kc7 Rb3 40. d7 a5 41. Rf3 a4 42. d8=Q Bxd8+ 43. Kxd8 a3 44. Rxf4 Rxd3+ 45. Kc7 a2 46. Rf1 Rb3 47. Ra1 Rb2 48. Kc6 h5 0-1

[Event "AUT Bundesliga 2021-22"]
[Site "Graz"]
[Date "2022.03.24"]
[Round "5.23"]
[White "Schneider-Zinner, Harald"]
[Black "Prinzjakowitsch, Bernhard"]
[Result "1/2-1/2"]
[ECO "A48"]
[WhiteElo "2370"]
[BlackElo "2091"]
[Annotator "NA"]
[PlyCount "75"]
[EventDate "2021.11.04"]
[EventType "team-tourn"]
[EventCountry "AUT"]
[SourceTitle "playchess.com"]
[Source "ChessBase"]
[SourceQuality "1"]
[TimeControl "40/5400+30:1800+30"]

1. d4 Nf6 2. Nf3 g6 3. c4 Bg7 4. g3 c6 5. Bg2 O-O 6. O-O d5 7. b3 Bf5 8. Bb2 Nbd7 9. e3 b5 10. cxb5 cxb5 11. Nc3 b4 12. Na4 Rc8 13. Qd2 Qa5 14. Rfc1 Ne4 15. Qe1 Nb6 16. a3 Nxa4 17. axb4 Rxc1 18. Bxc1 Qc7 19. bxa4 Qc2 20. b5 Rc8 21. a5 Qb3 22. b6 axb6 23. a6 Ra8 24. Nd2 Qc3 25. Ra3 Qb4 26. Nf3 Qd6 27. Bb2 f6 28. Qa1 Bd7 29. Bf1 Bf8 30. Bc3 e6 31. Ra2 g5 32. Nd2 Nxc3 33. Qxc3 Rc8 34. Qb3 Qb4 35. a7 Qxb3 36. Nxb3 Ra8 37. g4 Kf7 38. Kg2 1/2-1/2

[Event "AUT Bundesliga 2021-22"]
[Site "Graz"]
[Date "2022.03.24"]
[Round "5.24"]
[White "Kosc, Renata"]
[Black "Steindl, Johannes"]
[Result "0-1"]
[ECO "C17"]
[WhiteElo "1974"]
[BlackElo "2237"]
[Annotator "NA"]
[PlyCount "98"]
[EventDate "2021.11.04"]
[EventType "team-tourn"]
[EventCountry "AUT"]
[SourceTitle "playchess.com"]
[Source "ChessBase"]
[SourceQuality "1"]
[TimeControl "40/5400+30:1800+30"]

1. e4 e6 2. d4 d5 3. Nc3 Bb4 4. e5 c5 5. Bd2 Ne7 6. a3 Bxc3 7. Bxc3 b6 8. Bb5+ Bd7 9. Be2 Nbc6 10. Nf3 O-O 11. O-O Ng6 12. g3 Qc7 13. Re1 cxd4 14. Bxd4 Nxd4 15. Qxd4 Qxc2 16. Bd3 Qc5 17. Rac1 Qxd4 18. Nxd4 Rfc8 19. Bxg6 hxg6 20. f4 Kf8 21. Kf2 Ke7 22. Ke3 a5 23. Kd2 Rc5 24. Rc3 Rxc3 25. bxc3 Kd8 26. Rb1 Kc7 27. h4 Rb8 28. Rb2 Rh8 29. Ke3 Kb7 30. Nf3 Rc8 31. Kd3 Rc4 32. Nd4 Ka6 33. Kd2 Rc5 34. Rb3 Bb5 35. Rb2 Bf1 36. Rb1 Bh3 37. Rb2 Bg4 38. Rb1 Rc4 39. Rb3 Ra4 40. Ke1 Kb7 41. Kd2 Ka6 42. Ke1 Bh3 43. Nb5 Re4+ 44. Kf2 Bg4 45. Nd6 Re2+ 46. Kf1 Re3 47. Nc8 b5 48. Nd6 d4 49. Nxb5 Be2+ 0-1

[Event "AUT Bundesliga 2021-22"]
[Site "Graz"]
[Date "2022.03.24"]
[Round "5.29"]
[White "Moosbrugger, Alexander"]
[Black "Mazi, Leon"]
[Result "0-1"]
[ECO "B20"]
[WhiteElo "1963"]
[BlackElo "2347"]
[Annotator "NA"]
[PlyCount "98"]
[EventDate "2021.11.04"]
[EventType "team-tourn"]
[EventCountry "AUT"]
[SourceTitle "playchess.com"]
[Source "ChessBase"]
[SourceQuality "1"]
[TimeControl "40/5400+30:1800+30"]

1. e4 c5 2. g3 Nc6 3. Bg2 g6 4. d3 Bg7 5. Ne2 e6 6. Nbc3 Nge7 7. O-O O-O 8. Bf4 d6 9. Qd2 a6 10. Bh6 Nd4 11. Bxg7 Kxg7 $14 12. Nxd4 cxd4 13. Ne2 e5 14. f4 f6 15. c3 dxc3 16. bxc3 Qc7 17. Rac1 Be6 18. c4 Rac8 19. h3 b5 20. cxb5 Qb6+ 21. Kh2 axb5 22. d4 Bc4 23. fxe5 dxe5 24. d5 Ra8 25. Rc2 Nc8 26. Rfc1 Nd6 27. Qb4 Ra4 28. Qd2 Rfa8 29. Nc3 Ra3 30. Rb1 Qd4 31. Rd1 Qxd2 32. Rdxd2 R8a7 33. g4 Kf7 34. Kg1 b4 35. Nb1 Rxa2 36. Rb2 b3 37. Nc3 Ra1+ 38. Kh2 Rc1 39. Nd1 Ra2 40. Ne3 Rxb2 41. Rxb2 Rc3 42. Nd1 Rc2 43. Kg3 Nb5 44. Rb1 Nc3 45. Nxc3 Rxc3+ 46. Kh2 Bd3 47. Rb2 Ke7 48. Kg1 Rc1+ 49. Kh2 Bc2 0-1

[Event "AUT Bundesliga 2021-22"]
[Site "Graz"]
[Date "2022.03.24"]
[Round "5.30"]
[White "Dietmayer-Kraeutler, Marco"]
[Black "Amann, Harald"]
[Result "1-0"]
[ECO "D37"]
[WhiteElo "2312"]
[BlackElo "1913"]
[Annotator "NA"]
[PlyCount "87"]
[EventDate "2021.11.04"]
[EventType "team-tourn"]
[EventCountry "AUT"]
[SourceTitle "playchess.com"]
[Source "ChessBase"]
[SourceQuality "1"]
[TimeControl "40/5400+30:1800+30"]

1. d4 d5 2. c4 e6 3. Nc3 Nf6 4. Nf3 Be7 5. Bg5 c6 6. e3 Nbd7 7. Qc2 O-O 8. cxd5 exd5 9. Bd3 h6 10. Bh4 Re8 11. O-O Ne4 12. Bxe7 Qxe7 13. Bxe4 dxe4 14. Nd2 Nf6 15. Rab1 b6 16. Qa4 Bd7 17. Qa6 Be6 18. Rfc1 Rad8 19. b4 c5 20. bxc5 bxc5 21. Nb5 cxd4 22. Nxd4 Bd5 23. h3 Qd7 24. Nf1 Rb8 25. Ng3 Rb6 26. Rxb6 axb6 27. Qxb6 Bxa2 28. Ngf5 Be6 29. Rc7 Qd8 30. Nxe6 Rxe6 31. Qb7 Qd1+ 32. Kh2 Qh5 33. Ng3 Qg6 34. Ne2 Re8 35. Nf4 Qf5 36. g4 Qe5 37. Kg2 g5 38. Ne2 Qd5 39. Qb6 Re6 40. Rc8+ Ne8 41. Qb8 Qe5 42. Qa8 Kh7 43. Nd4 Re7 44. Nc6 1-0

[Event "AUT Bundesliga 2021-22"]
[Site "Graz"]
[Date "2022.03.24"]
[Round "5.33"]
[White "Kvetny, Mark"]
[Black "Tica, Sven"]
[Result "1/2-1/2"]
[ECO "A06"]
[WhiteElo "2417"]
[BlackElo "2423"]
[Annotator "NA"]
[PlyCount "61"]
[EventDate "2021.11.04"]
[EventType "team-tourn"]
[EventCountry "AUT"]
[SourceTitle "playchess.com"]
[Source "ChessBase"]
[SourceQuality "1"]
[TimeControl "40/5400+30:1800+30"]

1. Nf3 d5 2. e3 Nf6 3. c4 e6 4. b3 b6 5. Bb2 Bb7 $11 6. Nc3 a6 7. cxd5 exd5 8. d4 Nbd7 9. g3 Bd6 10. Bg2 O-O 11. O-O Qe7 12. Qc2 Rac8 13. Rfd1 Rfd8 14. Rac1 g6 15. Ne1 Ne4 16. Nd3 f5 17. Ne2 Re8 18. h4 a5 19. Nef4 c6 20. Re1 Ba6 21. Bf1 Bb7 22. Qd1 Qf7 23. Bg2 Qe7 24. Rc2 Ra8 25. a4 Rac8 26. Qc1 Qf7 27. Rd1 Qe7 28. Ne1 Ndf6 29. Ned3 Nd7 30. Ne1 Ndf6 31. Ned3 1/2-1/2

[Event "AUT Bundesliga 2021-22"]
[Site "Graz"]
[Date "2022.03.24"]
[Round "5.34"]
[White "Deglmann, Ludwig"]
[Black "Walter, Stefan"]
[Result "0-1"]
[ECO "D31"]
[WhiteElo "2248"]
[BlackElo "2380"]
[Annotator "ChessBase"]
[PlyCount "108"]
[EventDate "2021.11.04"]
[EventType "team-tourn"]
[EventCountry "AUT"]
[SourceTitle "playchess.com"]
[Source "ChessBase"]
[SourceQuality "1"]
[TimeControl "40/5400+30:1800+30"]

1. d4 d5 2. c4 e6 3. Nc3 Be7 4. cxd5 exd5 5. Bf4 c6 6. e3 Bd6 7. Nge2 Ne7 8. Bxd6 Qxd6 9. Ng3 Nd7 10. Bd3 Nf6 11. Qd2 h5 12. h4 Bg4 13. Nce2 Bxe2 14. Qxe2 O-O-O 15. O-O-O Kb8 16. Kb1 g6 17. Qc2 Ng4 18. Nf1 Rhe8 19. f3 Nh6 20. Qf2 Nef5 21. Bxf5 Nxf5 22. g4 Ng7 23. Ng3 Qe6 24. gxh5 Qxe3 25. Qh2 Ka8 26. hxg6 fxg6 27. h5 gxh5 28. Nxh5 Rh8 29. Qc7 Nxh5 30. Rxh5 Qxf3 31. Rhh1 Qxh1 32. Qxd8+ Rxd8 33. Rxh1 Rg8 34. Kc2 Kb8 35. Rh7 Rg3 36. a4 Kc8 37. Rf7 a5 38. Rh7 Rf3 39. Rg7 Rf1 40. Rh7 Ra1 41. b3 Rg1 42. Rf7 Rg6 43. Rh7 Rd6 44. Kc3 Rd7 45. Rh8+ Kc7 46. b4 Rd8 47. Rh7+ Kb6 48. bxa5+ Ka7 49. Rg7 Rh8 50. Rg1 Rh3+ 51. Kb4 Rd3 52. Rg4 Rd1 53. Kc3 Rc1+ 54. Kb3 Rc4 0-1

[Event "AUT Bundesliga 2021-22"]
[Site "Graz"]
[Date "2022.03.24"]
[Round "5.35"]
[White "Richter, Nils"]
[Black "de Francesco, Klaus"]
[Result "1/2-1/2"]
[ECO "E01"]
[WhiteElo "2320"]
[BlackElo "2177"]
[Annotator "NA"]
[PlyCount "63"]
[EventDate "2021.11.04"]
[EventType "team-tourn"]
[EventCountry "AUT"]
[SourceTitle "playchess.com"]
[Source "ChessBase"]
[SourceQuality "1"]
[TimeControl "40/5400+30:1800+30"]

1. d4 Nf6 2. c4 e6 3. g3 d5 4. Bg2 Bb4+ 5. Nd2 O-O 6. Ngf3 b6 7. O-O Bb7 8. a3 Be7 9. cxd5 exd5 10. Nb1 Nbd7 11. Nc3 c5 12. Bf4 a6 13. Rc1 Rc8 14. e3 h6 15. h4 c4 16. Ne5 Nxe5 17. dxe5 Ne4 18. h5 Nxc3 19. Rxc3 Qd7 20. Rc2 Qe6 21. Kh2 Rcd8 22. Rd2 b5 23. Bh3 Qb6 24. Bf5 Qc6 25. Rg1 g6 26. Qg4 g5 27. e6 Bc8 28. exf7+ Rxf7 29. Bxc8 Qxc8 30. Qxc8 Rxc8 31. Be5 Bf6 32. Bxf6 1/2-1/2

[Event "AUT Bundesliga 2021-22"]
[Site "Graz"]
[Date "2022.03.24"]
[Round "5.36"]
[White "Gerhold, Michael"]
[Black "Neyman, Igor"]
[Result "0-1"]
[ECO "A17"]
[WhiteElo "2167"]
[BlackElo "2325"]
[Annotator "NA"]
[PlyCount "86"]
[EventDate "2021.11.04"]
[EventType "team-tourn"]
[EventCountry "AUT"]
[SourceTitle "playchess.com"]
[Source "ChessBase"]
[SourceQuality "1"]
[TimeControl "40/5400+30:1800+30"]

1. Nf3 Nf6 2. c4 e6 3. Nc3 Bb4 4. Qc2 c5 5. a3 Bxc3 6. Qxc3 b6 7. g3 Bb7 8. Bg2 O-O 9. O-O d5 10. cxd5 Nxd5 11. Qc2 Nc6 12. b3 Qe7 13. Bb2 Rac8 14. h4 h6 15. Rac1 Rfd8 16. e3 Nf6 17. Rfd1 Ba6 18. d3 Bb7 19. Qc3 Rd6 20. Nd2 Rd7 21. Nc4 Qf8 22. Qc2 Nd5 23. Qe2 f6 24. Bh3 Qf7 25. e4 Nc7 26. e5 fxe5 27. Bxe5 Nd4 28. Bxd4 Rxd4 29. Ne5 Qf6 30. b4 Nb5 31. Bg2 Bxg2 32. Kxg2 Rd5 33. f4 Nd4 34. Qe4 Nf5 35. Re1 Rc7 36. Rc3 Nd6 37. Qe3 Nb5 38. Rc4 Nxa3 39. Re4 Nc2 40. Qe2 Nxe1+ 41. Qxe1 cxb4 42. Ng4 Rc2+ 43. Kg1 Qc3 0-1

[Event "AUT Bundesliga 2021-22"]
[Site "Graz"]
[Date "2022.03.25"]
[Round "6"]
[White "Kunin, Vitaly"]
[Black "Predojevic, Borki"]
[Result "1/2-1/2"]
[ECO "D43"]
[WhiteElo "2547"]
[BlackElo "2585"]
[Annotator "ChessBase"]
[PlyCount "83"]
[EventDate "2021.01.17"]
[EventType "team-tourn"]
[EventCountry "AUT"]
[SourceTitle "playchess.com"]
[Source "ChessBase"]
[SourceQuality "1"]
[TimeControl "40/5400+30:1800+30"]

1. d4 Nf6 2. c4 e6 3. Nf3 d5 4. Nc3 c6 5. Qd3 dxc4 6. Qxc4 b5 7. Qd3 a6 8. Bg5 c5 9. a4 cxd4 10. Nxd4 b4 11. Ne4 Bb7 12. Bxf6 gxf6 13. Rd1 b3 14. Nxb3 Qxd3 15. exd3 Bb4+ 16. Nc3 Ke7 17. d4 Nd7 18. f3 Rhc8 19. Rc1 Nb6 20. Kf2 Rab8 21. a5 Nc4 22. Bxc4 Rxc4 23. Na4 Rxc1 24. Rxc1 Bd5 25. Nbc5 Bxc5 26. dxc5 Rb4 27. b3 Bc6 28. Rc3 Rb5 29. Nb6 Rxa5 30. Nc8+ Kd7 31. Nd6 Ra2+ 32. Kg3 a5 33. Rc4 Bd5 34. Rh4 Kc6 35. Rxh7 Kxc5 36. Ne4+ Bxe4 37. fxe4 Ra3 38. Kg4 Rxb3 39. Rxf7 Rb2 40. Kg3 Rb3+ 41. Kg4 Rb2 42. Kg3 1/2-1/2

[Event "AUT Bundesliga 2021-22"]
[Site "Graz"]
[Date "2022.03.25"]
[Round "6"]
[White "Naumann, Alexander"]
[Black "Amann, Harald"]
[Result "1-0"]
[ECO "B30"]
[WhiteElo "2514"]
[BlackElo "1913"]
[Annotator "ChessBase"]
[PlyCount "39"]
[EventDate "2021.01.17"]
[EventType "team-tourn"]
[EventCountry "AUT"]
[SourceTitle "playchess.com"]
[Source "ChessBase"]
[SourceQuality "1"]
[TimeControl "40/5400+30:1800+30"]

1. e4 c5 2. Nf3 Nc6 3. Bb5 Nd4 4. Nxd4 cxd4 5. O-O e6 6. d3 a6 7. Ba4 b5 8. Bb3 Bb7 9. Nd2 Ne7 10. f4 g6 11. Nf3 Bg7 12. Qe1 O-O 13. Bd2 Nc6 14. f5 exf5 15. exf5 d5 16. fxg6 hxg6 17. Ng5 Re8 18. Qh4 Ne5 19. Qh7+ Kf8 20. Bb4+ 1-0

[Event "AUT Bundesliga 2021-22"]
[Site "Graz"]
[Date "2022.03.25"]
[Round "6"]
[White "Diermair, Andreas"]
[Black "Peyrer, Konstantin"]
[Result "1/2-1/2"]
[ECO "A67"]
[WhiteElo "2469"]
[BlackElo "2301"]
[Annotator "ChessBase"]
[PlyCount "62"]
[EventDate "2021.01.17"]
[EventType "team-tourn"]
[EventCountry "AUT"]
[SourceTitle "playchess.com"]
[Source "ChessBase"]
[SourceQuality "1"]
[TimeControl "40/5400+30:1800+30"]

1. d4 Nf6 2. c4 c5 3. d5 e6 4. Nc3 exd5 5. cxd5 d6 6. e4 g6 7. f4 Bg7 8. Bb5+ Nfd7 9. Nf3 O-O 10. O-O a6 11. Bd3 b5 12. Kh1 c4 13. Bc2 Nc5 14. a3 Bg4 15. Be3 Nbd7 16. Bd4 Bxf3 17. Rxf3 Re8 18. Bxg7 Kxg7 19. Qd4+ Qf6 20. Qf2 Kg8 21. Re1 Qg7 22. h3 Rab8 23. Rfe3 b4 24. axb4 Rxb4 25. Bb1 Qd4 26. Qe2 Nd3 27. Bxd3 cxd3 28. Rxd3 Qc4 29. Rd2 Nc5 30. Qxc4 Rxc4 31. e5 Rxf4 1/2-1/2